 Dungeon Crawl Stone Soup version 0.30-a0-800-g7c544603b3 (webtiles) character file.

Game seed: 1977825606731877289

80 Esekla the Sneak (level 4, -6/31 HPs)
             Began as an Octopode Delver on Feb 22, 2023.
             Was an Initiate of Gozag.
             Splashed by a jelly's acid (8 damage)
             ... on level 4 of the Dungeon.
             The game lasted 00:05:47 (487 turns).

Esekla the Sneak (Octopode Delver)                   Turns: 487, Time: 00:05:47

Health: -6/31      AC: -3    Str: 11    XL:     4   Next: 39%
Magic:  5/5        EV: 13    Int: 14    God:    Gozag
Gold:   22         SH:  0    Dex: 13    Spells: 5/5 levels left

rFire   . . .      SeeInvis .    a - +0 falchion
rCold   . . .      Faith    .    (no shield)
rNeg    . . .      Spirit   .    (helmet restricted)
rPois   .          Reflect  .    (no amulet)
rElec   .          Harm     .    (no ring)
rCorr   .          Rampage  .    (no ring)
Will    .....                    (no ring)
Stlth   +++++                    (no ring)
HPRegen 0.25/turn                (no ring)
MPRegen 0.09/turn                (no ring)
                                 (no ring)
                                 (no ring)

@: corroded, gold aura
A: almost no armour, amphibious, 8 rings, camouflage 1, gelatinous body 1,
(nimble swimmer 1), tentacles
a: Renounce Religion, Potion Petition, Call Merchant, Bribe Branch


You were on level 4 of the Dungeon.
You worshipped Gozag.
Gozag was noncommittal.
You visited 1 branch of the dungeon, and saw 2 of its levels.

You collected 26 gold pieces.
You paid 4 gold pieces to Gozag.

Inventory:

Hand Weapons
 a - a +0 falchion (weapon)
 c - a +0 dagger
Wands
 f - a wand of digging (3)
Scrolls
 b - 2 scrolls of fog


   Skills:
 * Level 3.4 Fighting
 * Level 2.3 Long Blades
 * Level 2.3 Dodging
 + Level 7.7 Stealth
 * Level 1.0 Spellcasting


You had 5 spell levels left.
You didn't know any spells.
Your spell library contained the following spells:

 Spells                   Type           Power      Damage    Failure   Level
 Inner Flame              Hex/Fire       0%         N/A       61%         3
 Cause Fear               Hex            0%         N/A       95%         4
 Discord                  Hex            0%         N/A       100%        8


Dungeon Overview and Level Annotations

Branches:
Dungeon (5/15)
 Temple: D:4-7

Altars:
Ashenzari
Cheibriados
Gozag
Hepliaklqana
Qazlal


Innate Abilities, Weirdness & Mutations

You cannot wear most types of armour.
You are amphibious.
You can wear up to eight rings at the same time.
Your skin changes colour to match your surroundings (Stealth+).
Your rubbery body absorbs attacks. (AC +1, EV +1)
((You are camouflaged when in or above water. (Stealth+)))
You have tentacles for arms and can constrict up to eight enemies at once.


Message History

You constrict the adder.
An adder comes into view.
The adder closely misses you.
A jelly comes into view.
The adder is distracted by your dazzling golden aura.
The adder hisses angrily.
You hit the adder. You squeeze the adder.
You kill the adder!
You barely miss the hobgoblin. Your grab misses the hobgoblin.
The hobgoblin barely misses you.
You slash the hobgoblin!
You kill the hobgoblin!
The adder is no longer distracted by gold.
The adder is distracted by your dazzling golden aura.
The adder hisses angrily.
You hit the worm. You grab the worm. You squeeze the worm.
The worm is heavily wounded.
You constrict the worm.
The adder is no longer distracted by gold.
The worm closely misses you.
You slash the worm! You squeeze the worm.
You kill the worm!
You slash the jelly! The acid corrodes you!
Your tentacles burn!
The jelly is heavily wounded.
The jelly misses you.
You barely miss the jelly. You squeeze the jelly.
The jelly is almost dead.
The jelly hits you.
You are splashed with acid!
* * * LOW HITPOINT WARNING * * *
Okay, then.
You aren't carrying any potions.
Unknown command.
You hit the jelly but do no damage. The acid corrodes you!
Your tentacles burn!
* * * LOW HITPOINT WARNING * * *
The jelly is almost dead.
The jelly hits you.
* * * LOW HITPOINT WARNING * * *
You are splashed with acid!
You die...
Your body crumbles into a pile of gold.

............#####.#
.....#...##.#.....#
##....######.......#
.... ..........###.#
###..#########..# #.#
#...............###.##
............#........#
........#####..###..##
......$SJ@...........#
......$.#####[.....###
........# #.###..#
....#.#.#####.###..###
... #................#
#.....#.#####.###.####
........# #.#...#
.####.### #.#.### ...
..#.


You could see a jelly and an adder.

Vanquished Creatures
  A necrophage (D:5)
  An adder (D:4)
  A worm (D:4)
  An orc (D:5)
  A giant cockroach (D:4)
  A goblin (D:4)
  2 hobgoblins (D:4)
  A kobold (D:4)
9 creatures vanquished.

Notes
Turn   | Place    | Note
-------+----------+-------------------------------------------
     0 | D:5      | Esekla the Octopode Delver began the quest for the Orb.
     0 | D:5      | Reached XP level 1. HP: 16/16 MP: 1/1
     6 | D:5      | Found a broken altar of Ashenzari.
     7 | D:5      | Noticed a scorpion
     9 | D:5      | Found an opulent altar of Gozag.
     9 | D:5      | Found a hazy altar of Hepliaklqana.
     9 | D:5      | Found a snail-covered altar of Cheibriados.
    56 | D:5      | Noticed a phantom
   155 | D:5      | Noticed a necrophage
   290 | D:5      | Became a worshipper of Gozag Ym Sagoz the Greedy
   300 | D:5      | Killed a necrophage
   301 | D:5      | Reached skill level 7 in Stealth
   301 | D:5      | Reached skill level 1 in Spellcasting
   301 | D:5      | Reached XP level 2. HP: 11/21 MP: 1/3
   301 | D:5      | Reached XP level 3. HP: 13/26 MP: 1/4
   301 | D:5      | Reached XP level 4. HP: 16/31 MP: 1/5
   397 | D:4      | Found a stormy altar of Qazlal.
   487 | D:4      | Splashed by a jelly's acid

Illustrated notes

Levels and vault maps discovered:
D:4:      minmay_inner_zag, layout_basic, kennysheep_mini,
          minmay_temple_entry_tees, nicolae_ossuary_entry_plus, uniq_pikel,
          uniq_eustachio
D:5:      layout_loops_ring, tgw_trog, grunt_temple_overflow_open,
          gammafunk_temple_overflow_claw, corexii_corridor_pit, uniq_grinder,
          uniq_edmund, uniq_sigmund

Skill      XL: |  1 |
---------------+----+-----
Stealth        | 7 |  7.7
Spellcasting   | 1 |  1.0
Fighting       | |  3.4
Long Blades    | |  2.3
Dodging        | |  2.3

Action                     |  1- 3 |  4- 6 || total
---------------------------+-------+-------++-------
  Melee: Falchion          |     7 |    12 ||    19
         Tentacles         |     2 |     6 ||     8
         Constrict         |     2 |     3 ||     5
         Dagger            |       |     6 ||     6
    Use: Scroll            |     2 |       ||     2
         Potion            |       |     1 ||     1
   Stab: Sleeping          |       |     3 ||     3
 Armour: Skin              |     1 |       ||     1
  Dodge: Dodged            |     3 |    11 ||    14

Table legend: (Time is in decaauts)
 A = Elapsed time spent in this place.
 B = Non-inter-level travel time spent in this place.
 C = Inter-level travel time spent in this place.
 D = Time resting spent in this place.
 E = Time spent auto-exploring this place.
 F = Levels seen in this place.
 G = Mean time per level.
                   A        B        C        D        E       F      G
               +--------+--------+--------+--------+--------+-----+--------+
         Total |    470 |    470 |      0 |     47 |      0 |   2 |  235.0 |
       Dungeon |    470 |    470 |      0 |     47 |      0 |   2 |  235.0 |
               +--------+--------+--------+--------+--------+-----+--------+

Top non-repeatable levels by time:
     D:5: 393 daAuts
     D:4: 76 daAuts
